 Dungeon Crawl Stone Soup version 0.31-a0-1059-g83d41fd8b6 (webtiles) character file.

Game seed: 337041510763579245

545 Azuregosa the Magician (level 7, -1/36 HPs)
             Began as a Deep Elf Conjurer on Nov 21, 2023.
             Was an Initiate of Gozag.
             Slain by Duvessa
             ... wielding a +0 short sword
              (4 damage)
             ... on level 5 of the Dungeon.
             The game lasted 00:14:08 (4471 turns).

Azuregosa the Magician (Deep Elf Conjurer)          Turns: 4471, Time: 00:14:08

Health: -1/36      AC:  5    Str:  4    XL:     7   Next: 6%
Magic:  4/19       EV: 13    Int: 25    God:    Gozag
Gold:   317        SH:  0    Dex: 13    Spells: 8/20 levels left

rFire   . . .        p - +4 scythe (flame)
rCold   . . .        (shield currently unavailable)
rNeg    . . .        a - +0 robe
rPois   +            m - +1 helmet
rElec   .            (no cloak)
rCorr   .            o - +0 pair of gloves
SInv    .            (no boots)
Will    .....        (no amulet)
Stlth   ++           s - ring of poison resistance
HPRegen 0.26/turn    (no ring)
MPRegen 0.16/turn

%: no passive effects
@: no status effects
A: no striking features
a: Renounce Religion, Potion Petition, Call Merchant, Bribe Branch


You were on level 5 of the Dungeon.
You worshipped Gozag.
Gozag was aware of your devotion.
You visited 2 branches of the dungeon, and saw 6 of its levels.

You collected 395 gold pieces.
You paid 78 gold pieces to Gozag.

Inventory:

Hand Weapons
 c - a +0 hand axe
 l - a +3 dagger of draining
 p - a +4 scythe of flaming (weapon)
Missiles
 k - 31 stones
Armour
 a - a +0 robe (worn)
 m - a +1 helmet (worn)
 o - a +0 pair of gloves (worn)
 r - an orb of guile
Jewellery
 s - a ring of poison resistance (left hand)
Wands
 u - a wand of flame (19)
Scrolls
 d - a scroll of fog {unknown}
 f - a scroll of torment {unknown}
 g - a scroll of amnesia {unknown}
 j - 2 scrolls of teleportation {unknown}
 v - 2 scrolls of identify {unknown}
Potions
 b - a potion of magic
 e - a potion of curing {unknown}
 h - a potion of might {unknown}
 i - a potion of brilliance {unknown}
 n - a potion of resistance {unknown}
 q - a potion of ambrosia {unknown}
 t - a potion of heal wounds {unknown}


   Skills:
 + Level 3.7 Dodging
 - Level 2.4 Stealth
 - Level 7.2 Spellcasting
 - Level 7.1 Conjurations


You had 8 spell levels left.
You knew the following spells:

 Your Spells              Type           Power      Damage    Failure   Level
a - Magic Dart            Conj           100%       1d8       1%          1
b - Dazzling Flash        Conj/Hex       52%        N/A       4%          3
c - Iskenderun's Mystic   Conj/Tloc      26%        2d7       16%         4
d - Fulminant Prism       Conj/Hex       13%        3d9       16%         4

Your spell library contained the following spells:

 Spells                   Type           Power      Damage    Failure   Level
 Searing Ray              Conj           88%        2d7       1%          2
 Cigotuvi's Dreadful Rot  Necr/Pois/Air  18%        N/A       10%         2
 Sublimation of Blood     Necr           9%         N/A       10%         2
 Irradiate                Conj/Tmut      13%        3d16      38%         5
 Dispel Undead            Necr           9%         3d8       54%         4
 Petrify                  Tmut/Erth      9%         N/A       54%         4
 Death Channel            Necr           4%         N/A       100%        6


Dungeon Overview and Level Annotations

Branches:
Dungeon (5/15)             Temple (1/1) D:4

Altars:
Ashenzari
Cheibriados
Dithmenos
Elyvilon
Fedhas
Gozag
Hepliaklqana
Kikubaaqudgha
Makhleb
Nemelex Xobeh
Okawaru
Qazlal
Ru
Trog
Uskayaw
Vehumet
Xom
Yredelemnul
Zin
The Shining One

Annotations:
D:5 Dowan, Duvessa
Temple 2 transporters


Message History

Casting: Magic Dart (safe; 1% risk of failure)
Confirm with . or Enter, or press ? or * to list all spells.
Aiming: Magic Dart (safe; 1% risk of failure)
Press: ? - help, Shift-Dir - straight line, f/p - Duvessa
Aim: Duvessa, wielding a +0 short sword and wearing a +0 leather armour (moderately wounded, fast, 100% to hit)
The magic dart hits Duvessa.
Duvessa is moderately wounded.
Casting: Magic Dart (safe; 1% risk of failure)
Confirm with . or Enter, or press ? or * to list all spells.
Aiming: Fulminant Prism (quite dangerous; 16% risk of failure)
Press: ? - help, Dir - move target, p - Duvessa You conjure a prism of explosive energy!
A fulminant prism comes into view.
Duvessa hits your fulminant prism but does no damage.
Dowan smirks and points a slender finger.
Duvessa hits your fulminant prism with a +0 short sword!
Your fulminant prism detonates feebly.
Casting: Fulminant Prism (quite dangerous; 16% risk of failure)
Confirm with . or Enter, or press ? or * to list all spells.
You don't have enough magic to cast this spell.
Duvessa hits you with a +0 short sword. Duvessa attacks as she pursues you!
Duvessa barely misses you. Duvessa closely misses you. Duvessa misses you.
Duvessa says, "Where magic fails, the sword succeeds!"
Duvessa attacks as she pursues you! Duvessa hits you with a +0 short sword!
Duvessa misses you.
Dowan casts a spell.
Dowan blinks!
Duvessa misses you.
Your magical contamination has completely faded away.
Duvessa attacks as she pursues you! Duvessa hits you with a +0 short sword!
Dowan casts a spell.
Dowan blinks!
Duvessa hits you with a +0 short sword. Duvessa attacks as she pursues you!
Duvessa hits you with a +0 short sword.
* * * LOW HITPOINT WARNING * * *
Duvessa hits you with a +0 short sword!
* * * LOW HITPOINT WARNING * * *
Duvessa attacks as she pursues you! Duvessa hits you with a +0 short sword.
You die...
Your body crumbles into a pile of gold.

#...# #####
#...########## #...
##.....<.....# ##.##
### ###########.#
#...# #.e #.#
###.#.###.# #.#
#.####...#...#.# #.#
#......#####...#
#.#########...#..e###
#...@e....e...#.###
#############...#
#####


You could see Duvessa (fast) and Dowan.

Vanquished Creatures
  Sigmund (D:3)
  A scorpion (D:5)
  A howler monkey (D:5)
  A hound (D:4)
  2 iguanas
  Ijyb (D:5)
  Robin (D:2)
  6 adders
  A white imp (D:3)
  A worm (D:5)
  2 dart slugs
  6 orcs (D:4)
  7 endoplasms
  5 giant cockroaches
  8 goblins
  7 hobgoblins
  9 jackals
  3 kobolds
  3 quokkas
  5 ball pythons
  7 bats
  3 frilled lizards
  7 rats
  A butterfly (D:4)
89 creatures vanquished.

Vanquished Creatures (others)
  6 fulminant prisms (D:5)
6 creatures vanquished.

Grand Total: 95 creatures vanquished

Notes
Turn   | Place    | Note
-------+----------+-------------------------------------------
     0 | D:1      | Azuregosa the Deep Elf Conjurer began the quest for the
                  | Orb.
     0 | D:1      | Reached XP level 1. HP: 10/10 MP: 6/6
   279 | D:1      | Reached XP level 2. HP: 15/15 MP: 2/8
   956 | D:2      | Reached skill level 5 in Conjurations
   956 | D:2      | Reached XP level 3. HP: 19/19 MP: 0/10
  1322 | D:2      | Found a faded altar of an unknown god.
  1586 | D:2      | Noticed Robin
  1684 | D:2      | Killed Robin
  1685 | D:2      | Reached XP level 4. HP: 3/21 MP: 7/12
  1784 | D:2      | Learned a level 3 spell: Dazzling Flash
  1789 | D:2      | Learned a level 4 spell: Iskenderun's Mystic Blast
  1794 | D:2      | Learned a level 4 spell: Fulminant Prism
  2266 | D:3      | Reached skill level 5 in Spellcasting
  2947 | D:3      | Noticed Sigmund
  2954 | D:3      | Killed Sigmund
  2955 | D:3      | Reached XP level 5. HP: 20/28 MP: 7/15
  2955 | D:3      | Reached XP level 6. HP: 23/32 MP: 7/17
  3208 | D:4      | Found a staircase to the Ecumenical Temple.
  3218 | Temple   | Found a transporter.
  3218 | Temple   | Found a transporter.
  3218 | Temple   | Found a transporter.
  3218 | Temple   | Found a transporter.
  3218 | Temple   | Entered the Ecumenical Temple
  3232 | Temple   | Became a worshipper of Gozag Ym Sagoz the Greedy
  3663 | D:4      | Found a glowing golden altar of the Shining One.
  3800 | D:5      | Entered Level 5 of the Dungeon
  4011 | D:5      | Noticed Ijyb
  4048 | D:5      | Killed Ijyb
  4049 | D:5      | Reached XP level 7. HP: 36/36 MP: 0/19
  4271 | D:5      | Noticed Duvessa
  4274 | D:5      | Noticed Dowan
  4471 | D:5      | Slain by Duvessa

Illustrated notes

Levels and vault maps discovered:
D:1:      dpeg_arrival_tiny_b, layout_basic, minivault_25
D:2:      layout_loops_cross, hellmonk_ecumenical_altar_crossroads, uniq_robin
D:3:      layout_loops_corners, uniq_sigmund
D:4:      layout_rooms, kennysheep_mini, minmay_temple_entry_butterflies
D:5:      layout_loops_ring, uniq_ijyb, uniq_duvessa, uniq_eustachio
Temple:   hellmonk_temple_divided_pantheon

Skill      XL: |  1  2  3  4  5  6 |
---------------+-------------------+-----
Spellcasting   | 4 6 7 |  7.2
Conjurations   | 5 6 7 |  7.1
Dodging        | 3 |  3.7
Stealth        | |  2.4

Action                     |  1- 3 |  4- 6 |  7- 9 || total
---------------------------+-------+-------+-------++-------
  Melee: Hand axe          |    10 |       |       ||    10
         Halberd           |       |    12 |       ||    12
   Cast: Magic Dart        |    73 |   114 |     5 ||   192
         Fulminant Prism   |       |     3 |     3 ||     6
   Stab: Sleeping          |       |     1 |       ||     1
 Armour: Robe              |    15 |    14 |     7 ||    36
  Dodge: Dodged            |    14 |    21 |     5 ||    40

Table legend: (Time is in decaauts)
 A = Elapsed time spent in this place.
 B = Non-inter-level travel time spent in this place.
 C = Inter-level travel time spent in this place.
 D = Time resting spent in this place.
 E = Time spent auto-exploring this place.
 F = Levels seen in this place.
 G = Mean time per level.
                   A        B        C        D        E       F      G
               +--------+--------+--------+--------+--------+-----+--------+
         Total |   4478 |   4399 |     79 |    847 |   2821 |   6 |  746.3 |
       Dungeon |   4449 |   4370 |     79 |    847 |   2821 |   5 |  889.8 |
        Temple |     28 |     28 |      0 |      0 |      0 |   1 |   28.0 |
               +--------+--------+--------+--------+--------+-----+--------+

Top non-repeatable levels by time:
     D:3: 1099 daAuts
     D:2: 1063 daAuts
     D:1: 949 daAuts
     D:4: 688 daAuts
     D:5: 649 daAuts
  Temple: 28 daAuts
